 Dungeon Crawl Stone Soup version 0.28-a0-1339-ga5422284a4 (webtiles) character file.

Game seed: 8288291082197514204

388 bladeefan the Chopper (level 6, 0/48 HPs)
             Began as a Demonspawn Fighter on Dec 28, 2021.
             Slain by a gnoll (8 damage)
             ... on level 4 of the Dungeon.
             The game lasted 00:06:16 (3366 turns).

bladeefan the Chopper (Demonspawn Fighter)          Turns: 3366, Time: 00:06:17

Health: 0/48       AC:  8    Str: 18    XL:     6   Next: 49%
Magic:  6/6        EV:  9    Int:  9    God:
Gold:   120        SH:  9    Dex: 13    Spells: 5/5 levels left

rFire   . . .      SeeInvis .   a - +0 war axe (venom)
rCold   . . .      Faith    .   c - +0 buckler
rNeg    . . .      Spirit   .   b - +0 scale mail
rPois   .          Reflect  .   e - +0 helmet
rElec   .          Harm     .   j - scarf {repulsion}
rCorr   .          Rampage  .   (no gloves)
Will    .....                   (no boots)
Stlth   ..........              (no amulet)
HPRegen 0.16/turn               (no ring)
MPRegen 0.10/turn               (no ring)

@: hasted, repel missiles, very quick
A: hooves 2, condensation shield
a: no special abilities


You were on level 4 of the Dungeon.
You visited 1 branch of the dungeon, and saw 4 of its levels.
You also visited: Sewer.

You collected 120 gold pieces.

Inventory:

Hand Weapons
 a - a +0 war axe of venom (weapon)
Armour
 b - a +0 scale mail (worn)
 c - a +0 buckler (worn)
 e - a +0 helmet (worn)
   (You took it off Robin on level 2 of the Dungeon)
 j - a scarf of repulsion (worn)
   (You found it on level 2 of the Dungeon)
Scrolls
 k - a scroll of magic mapping {unknown}
 m - a scroll of amnesia {unknown}
 o - a scroll of blinking
Potions
 d - a potion of heal wounds {unknown}
 i - a potion of lignification {unknown}
 l - a potion of cancellation {unknown}
 n - a potion of ambrosia {unknown}
 p - a potion of experience {unknown}


   Skills:
 + Level 4.2 Fighting
 * Level 4.2 Axes
 + Level 3.8 Armour
 + Level 3.8 Shields


You had 5 spell levels left.
You didn't know any spells.
Your spell library contained the following spells:

 Spells                   Type           Power      Damage    Failure   Level
 Summon Small Mammal      Summ           0%         N/A       77%         1
 Call Canine Familiar     Summ           0%         N/A       98%         3
 Ignite Poison            Fire/Tmut/Pois 0%         N/A       98%         3
 Mephitic Cloud           Conj/Pois/Air  0%         N/A       98%         3
 Summon Guardian Golem    Hex/Summ       0%         N/A       98%         3
 Cause Fear               Hex            0%         N/A       100%        4
 Freezing Cloud           Conj/Ice/Air   0%         6-21      100%        5
 Summon Forest            Summ/Tloc      0%         N/A       100%        5
 Eringya's Noxious Bog    Tmut/Pois      0%         N/A       100%        6
 Dragon Form              Tmut           0%         N/A       100%        7
 Summon Hydra             Summ           0%         N/A       100%        7
 Dragon's Call            Summ           0%         N/A       100%        9


Dungeon Overview and Level Annotations

Branches:
Dungeon (3/15)              Sewer (visited)

Altars:
Trog


Innate Abilities, Weirdness & Mutations

You have hoof-like feet.
A meltable shield of frost defends you. (SH +4)


Message History

There is an open door here.
You feel yourself speed up. The gnoll barely misses you.
The gnoll shaman closely misses you. The gnoll hits you but does no damage.
You kill the gnoll!
Blink to where?
Okay, then.
It was a potion of curing.
You feel better.
You hit the gnoll shaman.
The gnoll shaman is poisoned.
Your kick misses the gnoll shaman. The gnoll shaman barely misses you.
You closely miss the gnoll shaman. Your kick misses the gnoll shaman.
The gnoll shaman completely misses you.
You hit the gnoll shaman but do no damage.
You hit the adder skeleton but do no damage.
The adder skeleton bites you but does no damage.
The gnoll shaman hits you but does no damage.
You slash the gnoll shaman!
The gnoll shaman looks as sick as possible!
You kick the gnoll shaman. You completely miss the adder skeleton.
You block the adder skeleton's attack. You block the gnoll shaman's attack.
You slash the gnoll shaman!
You kill the gnoll shaman!
You hit the adder skeleton but do no damage.
The adder skeleton bites you but does no damage.
You hit the gnoll.
The gnoll is poisoned.
Your kick misses the gnoll. You hit the adder skeleton.
The adder skeleton bites you but does no damage.
The gnoll hits you with a +0 flail.
* * * LOW HITPOINT WARNING * * *
You slash the gnoll!
You kill the gnoll!
You closely miss the adder skeleton.
The adder skeleton bites you but does no damage.
The adder skeleton bites you but does no damage.
Items here: )) [ ††.
Unknown command.
You hit the adder skeleton.
The adder skeleton bites you but does no damage.
You closely miss the adder skeleton. You block the adder skeleton's attack.
You barely miss the adder skeleton. You kick the adder skeleton!
You destroy the adder skeleton!
You start resting.
A gnoll comes into view. It is wielding a +0 flail.
The gnoll shouts!
Items here: )) [ ††.
The gnoll hits you with a +0 flail.
* * * LOW HITPOINT WARNING * * *
You hit the gnoll. You barely miss the gnoll. Your kick misses the gnoll.
The gnoll hits you with a +0 flail!
You die...

#. # #.##.#g##.#.#..# .#..
#.#####.##g#........###..#
...#.......####.#.##g#...#
#..#.##.#..# #.#.g...g.#
...#.##.#.############g##
#........##≈≈≈≈≈## ##.##
....g#.###≈≈≈≈≈≈≈# #...#
##.###.# #≈≈≈≈≈≈≈####.g.#
g..# #.# +...#.)@g.##.K.#
.... ... #≈≈≈≈≈≈≈#)##...#
.....##.
#≈≈≈≈≈≈≈#)##...#### .....#
..##≈≈≈≈≈##Zg.........
...... ..
#######...........#
.(...##..# #.............
...... ##.###...##### ...
#...# #### #...#


You could see a gnoll.

Vanquished Creatures
  Pargi (Sewer)
  A scorpion (D:2)
  A gnoll shaman (D:4)
  Robin (D:2)
  6 gnolls
  4 adders
  An adder skeleton (D:4)
  A dart slug (D:1)
  An orc (D:4)
  6 endoplasms
  6 giant cockroaches
  18 goblins
  9 hobgoblins
  6 jackals
  A quokka (D:2)
  7 ball pythons
  7 bats
  3 frilled lizards
  10 kobolds
  4 rats
94 creatures vanquished.

Notes
Turn   | Place    | Note
-------+----------+-------------------------------------------
     0 | D:1      | bladeefan the Demonspawn Fighter began the quest for the
                  | Orb.
     0 | D:1      | Reached XP level 1. HP: 18/18 MP: 1/1
   101 | D:1      | Gained mutation: A meltable shield of frost defends you.
                  | (SH +4) [demonic ancestry]
   101 | D:1      | Reached XP level 2. HP: 24/24 MP: 2/2
   994 | D:2      | Noticed Robin
   996 | D:2      | Discovered your monstrous ancestry.
   996 | D:2      | Gained mutation: You have large cloven feet. [demonic
                  | ancestry]
   996 | D:2      | Reached XP level 3. HP: 29/29 MP: 3/3
   997 | D:2      | Killed Robin
  1582 | D:2      | Reached XP level 4. HP: 32/35 MP: 4/4
  1742 | D:2      | Identified the +1 robe "Jifybb" {rElec MP+9}
  1923 | D:2      | Noticed a scorpion
  1928 | D:2      | Killed a scorpion
  1929 | D:2      | Reached XP level 5. HP: 27/42 MP: 5/5
  2648 | D:3      | Found a faded altar of an unknown god.
  2648 | D:3      | Noticed a floating eye
  2668 | D:3      | Found a glowing drain.
  2746 | Sewer    | Entered a sewer
  2898 | Sewer    | Noticed Pargi
  2908 | Sewer    | Killed Pargi
  2909 | Sewer    | Gained mutation: You have hoof-like feet. [demonic
                  | ancestry]
  2909 | Sewer    | Reached XP level 6. HP: 17/48 MP: 6/6
  3235 | D:3      | Noticed an eye of devastation
  3241 | D:3      | Noticed a shining eye
  3244 | D:3      | Noticed a floating eye
  3274 | D:3      | You fall into a shaft and drop 1 floor!
  3274 | D:4      | Found a bloodstained altar of Trog.
  3366 | D:4      | Slain by a gnoll

Illustrated notes

Levels and vault maps discovered:
D:1:      lemuel_arrival_rhombus, layout_basic
D:2:      layout_loops_ring, grunt_decor_resistance, minmay_joined_circles,
          uniq_robin
D:3:      layout_basic, hellmonk_ecumenical_altar_watching_god,
          gup_sewer_entry_glass
D:4:      layout_loops_cross, mainiacjoe_overflow_chevrons,
          ebering_ghost_sewer_f, kennysheep_flooded_box,
          nicolae_concentric_dashed_squares_wild

Skill      XL: |  1  2  3  4  5 |
---------------+----------------+-----
Axes           | 2 3 4 |  4.2
Armour         | 3 |  3.8
Shields        | 3 |  3.8
Fighting       | 4 |  4.2

Action                   |  1- 3 |  4- 6 || total
-------------------------+-------+-------++-------
Melee: War axe           |    99 |   113 ||   212
       Kick              |       |    26 ||    26
  Use: Scroll            |     3 |     3 ||     6
       Potion            |       |     3 ||     3
Armor: Scale mail        |    43 |    49 ||    92
Dodge: Dodged            |    36 |    56 ||    92
Block: Buckler           |    40 |    54 ||    94

Table legend: (Time is in decaauts)
 A = Elapsed time spent in this place.
 B = Non-inter-level travel time spent in this place.
 C = Inter-level travel time spent in this place.
 D = Time resting spent in this place.
 E = Time spent auto-exploring this place.
 F = Levels seen in this place.
 G = Mean time per level.
                   A        B        C        D        E       F      G
               +--------+--------+--------+--------+--------+-----+--------+
         Total |   3440 |   3360 |     80 |    606 |   2019 |   5 |  688.0 |
       Dungeon |   2994 |   2914 |     80 |    318 |   1931 |   4 |  748.5 |
         Sewer |    446 |    446 |      0 |    288 |     88 |   1 |  446.0 |
               +--------+--------+--------+--------+--------+-----+--------+

Top non-repeatable levels by time:
     D:1: 1335 daAuts
     D:2: 1280 daAuts
   Sewer: 446 daAuts
     D:3: 290 daAuts
     D:4: 88 daAuts
